 Dungeon Crawl Stone Soup version 0.31-a0-750-gfe7b580527 (webtiles) character file.

Game seed: 1106771416017873280

1614380 Ge0ff the Merry Troll (level 27, 247/247 HPs)
             Began as a Troll Hunter on Sept 14, 2023.
             Was an Elder of Hepliaklqana.
             Escaped with the Orb
             ... and 3 runes on Sept 15, 2023!
             The game lasted 02:57:22 (77790 turns).

Ge0ff the Merry Troll (Troll Hunter)               Turns: 77790, Time: 02:57:23

Health: 247/247    AC: 40    Str: 31      XL:     27
Magic:  32/32      EV: 12    Int:  9 (10) God:    Hepliaklqana [****..]
Gold:   9107       SH:  2    Dex: 23 (25) Spells: 35/40 levels left

rFire   + + .        a - +3 arbalest of Doom {penet, Fragile rElec rF+ Int+5}
rCold   + + +        (shield currently unavailable)
rNeg    + . .        e - +11 gold dragon scales of Lesser Demons {+Blink rPois rF+ rC+ rN+ rCorr Slay+3}
rPois   +            Q - +2 hat of Zicegom {rC+ Int+3}
rElec   +            h - +2 cloak {rPois}
rCorr   +            (gloves unavailable)
SInv    +            (boots unavailable)
Will    ++++.        D - necklace of Bloodlust {Fury *Rage Will++ Int-3 Slay+6} Stlth
                     k - +6 ring of dexterity
HPRegen 1.41/turn    i - ring of the Octopus King {HP+2 AC+2 EV+2 SH+2 SInv, =R}
MPRegen 0.23/turn

%: random rage (50%)
@: no status effects
A: reduced essence, large, unfitting armour, claws 3, regeneration 1, shaggy fur
1, tough skin 1, horns 2, cold resistance 1, poison resistance
0: Orb of Zot
}: 3/15 runes: barnacled, silver, gossamer
a: Renounce Religion, Evoke Blink, Recall Ancestor, Ancestor Identity,
Transference, Idealise


You escaped.
You worshipped Hepliaklqana.
Hepliaklqana was greatly pleased with you.
You visited 10 branches of the dungeon, and saw 50 of its levels.
You visited the Abyss 2 times.
You also visited: Trove, Sewer, Bailey, Ice Cave and Desolation.

You collected 11498 gold pieces.
You spent 2391 gold pieces at shops.

Inventory:

Hand Weapons
 a - the +3 arbalest of Doom (weapon) {penet, Fragile rElec rF+ Int+5}
   (You found it on level 13 of the Dungeon)

   Int+5:     It affects your intelligence (+5).
   rF+:       It protects you from fire.
   rElec:     It insulates you from electricity.
   Fragile:   It will be destroyed if unequipped.
Missiles
 g - 10 throwing nets {=F}
 v - 27 curare-tipped darts {=F}
 w - 53 javelins
 x - 12 atropa-tipped darts
 Y - 8 silver javelins
Armour
 e - the +11 gold dragon scales of Lesser Demons (worn) {+Blink rPois rF+ rC+ rN+ rCorr Slay+3}
   (You found it in a treasure trove)

   Slay+3:    It affects your accuracy & damage with ranged weapons and melee
   (+3).
   rF+:       It protects you from fire.
   rC+:       It protects you from cold.
   rPois:     It protects you from poison rN+: It protects you from negative
   energy.
   +Blink:    It lets you blink.
   rCorr:     It protects you from acid and corrosion.
 h - a +2 cloak of poison resistance (worn)
 Q - the +2 hat of Zicegom (worn) {rC+ Int+3}
   (You acquired it on level 2 of the Vaults)

   Int+3:     It affects your intelligence (+3).
   rC+:       It protects you from cold.
 Z - the quicksilver dragon scales of the Pit {rC+ Will+ Str+3}
   (You found it in a treasure trove)

   Str+3:     It affects your strength (+3).
   rC+:       It protects you from cold.
   Will+:     It increases your willpower.
Jewellery
 i - a ring of the Octopus King (right claw) {HP+2 AC+2 EV+2 SH+2 SInv, =R}
   (You found it on level 3 of the Depths)

   [ring of see invisible]

   AC+2:      It affects your AC (+2).
   EV+2:      It affects your evasion (+2).
   HP+2:      It affects your health (+2).
   SInv:      It lets you see invisible.
   SH+2:      It affects your SH (+2).
 k - a +6 ring of dexterity (left claw)
 A - a ring of positive energy
 D - the necklace of Bloodlust (around neck) {Fury *Rage Will++ Int-3 Slay+6}
   (You found it on level 4 of the Depths)

   [amulet of nothing]

   Fury:      It extends the wearer's berserk rage when killing foes.
   Int-3:     It affects your intelligence (-3).
   Slay+6:    It affects your accuracy & damage with ranged weapons and melee
   (+6).
   Will++:    It greatly increases your willpower.
   *Rage:     It berserks you when you make melee attacks (+50% chance).
 K - the ring of Qadideff {Wiz rC+}
   (You took it off an orc high priest on level 3 of the Elven Halls)

   [ring of wizardry]

   Wiz:       It improves your spell success rate.
   rC+:       It protects you from cold.
 S - the ring "Qanuob" {Fly rF+}
   (You found it on level 3 of the Depths)

   [ring of protection from fire]

   rF+:       It protects you from fire.
   Fly:       It grants you flight.
Wands
 d - a wand of digging (11)
 f - a wand of flame (158)
 j - a wand of light (24)
 p - a wand of paralysis (45)
 r - a wand of roots (7)
 s - a wand of mindburst (55)
 P - a wand of polymorph (46)
Scrolls
 m - 8 scrolls of revelation
 y - a scroll of immolation
 B - a scroll of blinking
 C - 2 scrolls of poison
 E - a scroll of fear
 F - 9 scrolls of fog
 J - 5 scrolls of silence {!r}
 T - 15 scrolls of teleportation
 V - 10 scrolls of vulnerability
Potions
 o - 5 potions of ambrosia
 q - 13 potions of curing
 u - 4 potions of mutation {!q}
 z - 10 potions of brilliance
 H - 2 potions of haste {!q}
 I - 11 potions of invisibility
 L - 8 potions of lignification
 M - 8 potions of might
 N - 2 potions of cancellation {!q}
 R - 3 potions of resistance
 W - 6 potions of heal wounds {!q}
 X - 9 potions of enlightenment
Miscellaneous
 c - a condenser vane (inert)
 l - a lightning rod (4/4)
 n - a phial of floods
 O - a box of beasts
 U - a phantom mirror


   Skills:
 + Level 16.0 Fighting
 O Level 27 Ranged Weapons
 - Level 6.0 Throwing
 - Level 15.0 Armour
 + Level 9.0 Dodging
 - Level 0.3 Stealth
 - Level 7.0 Spellcasting
 + Level 3.3 Translocations
 + Level 3.2 Transmutations
 + Level 4.0 Earth Magic
 + Level 10.1 Invocations
 + Level 8.6 Evocations


You had 35 spell levels left.
You knew the following spells:

 Your Spells              Type           Power      Damage    Failure   Level
g - Apportation           Tloc           18%        N/A       58%         1
w - Passwall              Tmut/Erth      7%         N/A       69%         2
B - Blink                 Tloc           18%        N/A       75%         2

Your spell library contained the following spells:

 Spells                   Type           Power      Damage    Failure   Level
 Sandblast                Erth           20%        2d7       50%         1
 Lesser Beckoning         Tloc           18%        N/A       75%         2
 Sting                    Tmut/Pois      24%        1d4       83%         1
 Momentum Strike          Conj/Tloc      12%        3d8       92%         2
 Gell's Gravitas          Tloc           9%         N/A       92%         3
 Teleport Other           Tloc           9%         N/A       92%         3
 Foxfire                  Conj/Fire      12%        2x1d4     96%         1
 Magic Dart               Conj           12%        1d3       96%         1
 Necrotise                Necr           12%        1d4       96%         1
 Shock                    Conj/Air       12%        1d3       96%         1
 Slow                     Hex            12%        N/A       96%         1
 Summon Small Mammal      Summ           12%        N/A       96%         1
 Stone Arrow              Conj/Erth      12%        3d7       98%         3
 Call Imp                 Summ           6%         N/A       99%         2
 Cigotuvi's Dreadful Rot  Necr/Pois/Air  6%         N/A       99%         2
 Ensorcelled Hibernation  Hex/Ice        6%         N/A       99%         2
 Jinxbite                 Hex            6%         N/A       99%         2
 Poisonous Vapours        Pois/Air       6%         N/A       99%         2
 Ignite Poison            Fire/Tmut/Pois 5%         N/A       99%         3
 Volatile Blastmotes      Fire/Tloc      12%        2d11      99%         3
 Call Canine Familiar     Summ           3%         N/A       100%        3
 Confusing Touch          Hex            3%         N/A       100%        3
 Inner Flame              Hex/Fire       3%         N/A       100%        3
 Mephitic Cloud           Conj/Pois/Air  3%         N/A       100%        3
 Sigil of Binding         Hex            3%         N/A       100%        3
 Summon Guardian Golem    Hex/Summ       3%         N/A       100%        3
 Tukima's Dance           Hex            3%         N/A       100%        3
 Vampiric Draining        Necr           3%         2d6       100%        3
 Anguish                  Hex/Necr       1%         N/A       100%        4
 Animate Armour           Summ/Erth      12%        N/A       100%        4
 Animate Dead             Necr           3%         N/A       100%        4
 Cause Fear               Hex            1%         N/A       100%        4
 Dimensional Bullseye     Hex/Tloc       3%         N/A       100%        4
 Dispel Undead            Necr           3%         3d7       100%        4
 Flame Wave               Conj/Fire      3%         2d5       100%        4
 Fulminant Prism          Conj/Hex       1%         3d5       100%        4
 Iskenderun's Mystic Bla  Conj/Tloc      6%         2d4       100%        4
 Leda's Liquefaction      Hex/Erth       3%         N/A       100%        4
 Manifold Assault         Tloc           9%         N/A       100%        4
 Olgreb's Toxic Radiance  Pois           3%         N/A       100%        4
 Passage of Golubria      Tloc           9%         N/A       100%        4
 Sticky Flame             Conj/Fire      3%         2d3       100%        4
 Summon Ice Beast         Ice/Summ       3%         N/A       100%        4
 Summon Lightning Spire   Summ/Air       3%         N/A       100%        4
 Vhi's Electric Charge    Tloc/Air       12%        N/A       100%        4
 Agony                    Necr           3%         N/A       100%        5
 Alistair's Intoxication  Tmut/Pois      4%         N/A       100%        5
 Arcjolt                  Conj/Air       1%         1d11      100%        5
 Borgnjor's Vile Clutch   Necr/Erth      3%         N/A       100%        5
 Fireball                 Conj/Fire      1%         3d3       100%        5
 Freezing Cloud           Conj/Ice/Air   1%         6-21      100%        5
 Iskenderun's Battlesphe  Conj           3%         2d6       100%        5
 Lee's Rapid Deconstruct  Erth           5%         3d6*      100%        5
 Metabolic Englaciation   Hex/Ice        1%         N/A       100%        5
 Silence                  Hex/Air        1%         N/A       100%        5
 Summon Forest            Summ/Tloc      3%         N/A       100%        5
 Summon Mana Viper        Hex/Summ       3%         N/A       100%        5
 Yara's Violent Unravell  Hex/Tmut       3%         3d4       100%        5
 Conjure Ball Lightning   Conj/Air       1%         3x3d6     100%        6
 Death Channel            Necr           1%         N/A       100%        6
 Eringya's Noxious Bog    Tmut/Pois      3%         4d6       100%        6
 Leda's Unmaking          Conj/Erth      3%         9d1       100%        6
 Plasma Beam              Fire/Air       1%         2x1d11    100%        6
 Simulacrum               Ice/Necr       1%         N/A       100%        6
 Enfeeble                 Hex            1%         N/A       100%        7
 Haunt                    Necr/Summ      1%         N/A       100%        7
 Malign Gateway           Summ/Tloc      3%         N/A       100%        7
 Monstrous Menagerie      Summ           1%         N/A       100%        7
 Orb of Destruction       Conj           1%         9d5       100%        7
 Ozocubu's Refrigeration  Ice            1%         4d7       100%        7
 Summon Hydra             Summ           1%         N/A       100%        7
 Borgnjor's Revivificati  Necr           1%         N/A       100%        8
 Discord                  Hex            1%         N/A       100%        8
 Disjunction              Tloc           4%         N/A       100%        8
 Ignition                 Fire           1%         3d3       100%        8
 Lehudib's Crystal Spear  Conj/Erth      3%         10d2      100%        8
 Maxwell's Capacitive Co  Air            1%         ∞         100%        8
 Summon Horrible Things   Summ           1%         N/A       100%        8
 Death's Door             Necr           1%         N/A       100%        9


Dungeon Overview and Level Annotations

Branches:
Dungeon (15/15)            Temple (0/1) D:5            Lair (5/5) D:8
 Shoals (4/4) Lair:2       Spider (4/4) Lair:3        Slime (0/5) Lair:5
    Orc (2/2) D:11            Elf (3/3) Orc:2        Vaults (5/5) D:14
  Crypt (3/3) Vaults:2       Tomb (0/3) Crypt:3      Depths (4/4) D:15
    Zot (5/5) Depths:4      Sewer (visited)          Bailey (visited)
  IceCv (visited)         Desolation (visited)

Altars:
Ashenzari
Dithmenos
Fedhas
Hepliaklqana
Kikubaaqudgha
Makhleb
Okawaru
Sif Muna
Uskayaw
Yredelemnul
Zin
The Shining One

Shops:
D:3 (   D:4 !   Orc:1 (   Orc:2 (:!(   Elf:2 (   Shoals:1 (   Shoals:2 [
Vaults:3 =   Vaults:4 ?([[:   Depths:1 =

Portals:
Hell: Depths:1 Depths:2 Depths:3
Abyss: Depths:3
Pandemonium: Depths:2
Ziggurat: Depths:4

Annotations:
Depths:4 Parghit


Innate Abilities, Weirdness & Mutations

Your life essence is reduced to manifest your ancestor. (-10% HP)
You are too large for most types of armour.
You have claws for hands.
Your natural rate of healing is unusually fast.
You are covered in fur. (AC +1)
You have tough skin. (AC +1)
You have a pair of horns on your head.
Your flesh is cold resistant. (rC+)
Your system is resistant to poisons. (rPois)


Message History

You swap places.
There is a stone staircase leading up here.
You climb upwards.
There is a stone staircase leading down here.
You swap places.
You see here a +0 whip.
There is an escape hatch in the ceiling here.
A mysterious force pulls you upwards. The hatch slams shut behind you.
A tormentor comes into view.
You shoot a bolt. The bolt closely misses the tormentor.
Trollcestor hits the tormentor with a +0 lajatang of freezing!!!
Trollcestor freezes the tormentor.
The tormentor dies!
Trollcestor is no longer moving quickly.
There is a stone staircase leading up, spattered with blood here.
You climb upwards.
There is a stone staircase leading down, spattered with blood here.
There is a stone staircase leading up here.
You climb upwards.
There is a stone staircase leading down here.
There is an open door here.
There is a stone staircase leading up here.
You climb upwards.
There is a stone staircase leading down here.
You see here a +0 club.
Items here: ))) [.
There is a stone staircase leading up here.
You climb upwards.
There is a stone staircase leading down here.
You swap places.
There is an open door here.
There is a stone staircase leading up here.
You climb upwards.
There is a stone staircase leading down here.
You swap places.
There is a stone staircase leading up here.
You climb upwards.
There is a stone staircase leading down here.
You swap places.
There is a stone staircase leading up here.
You climb upwards.
There is a stone staircase leading down here.
There is a stone staircase leading up here.
You climb upwards.
There is a stone staircase leading down here.
You see here a +0 mace.
There is an escape hatch in the ceiling here.
A mysterious force pulls you upwards. The hatch slams shut behind you.
There is a staircase leading out of the dungeon here.
You have escaped!

#.#.....# ##.......# #.# #.#
#####†### ######..# #.# #.# #.#
######..# #.###.# #.###
##.......# #..##.## #...#
#.......## ##.##.## ###.#
#..###### #.##... ###.# #..#..###
#####.#####
##...#####..R....###.....#####
##.....#.###..@....#####.......
#........# ###..#..# #.######
#........# ######..#####.##
###........###.......##.....#####
#..........##.......###..........
#.###...#.###..###### #.##..#####
#.# ##.##.# #..###### #.....# #.#
##.##.###.......###..##.# #.#
#......###.......###.##.#


You could see the friendly Trollcestor the battlemage.

Vanquished Creatures
  4 ancient liches
  Mennas (Crypt:3)
  A juggernaut (Depths:4)
  2 Killer Klowns (Zot:5)
  Frederick (Vaults:4)
  Saint Roka (Depths:3)
  Xtahua (Vaults:2)
  7 golden dragons
  the Enchantress (Depths:1)
  5 tentacled monstrosities
  Jorgrun (Shoals:1)
  12 Orb Guardians
  A walking earthen tome (Depths:2)
  Mlioglotl (Shoals:4)
  Asterion (Spider:4)
  2 liches
  4 quicksilver dragons
  6 titans
  2 deep elf master archers (Elf:3)
  A kraken (Shoals:2)
  Frances (Shoals:1)
  2 death cobs
  4 tengu reavers
  3 ancient champions
  5 shadow dragons
  2 storm dragons
  2 draconian knights
  A storm dragon (shapeshifter) (Zot:3)
  4 draconian monks
  Kirke (Shoals:1)
  2 revenants
  A fire giant (Vaults:5)
  5 emperor scorpions
  4 deep elf sorcerers (Elf:3)
  5 vault wardens
  A draconian scorcher (Zot:3)
  4 deep elf elementalists (Elf:3)
  The ghost of Takeo the Brawler, a journeyman TrSh of Wu Jian (Lair:3)
  5 ghost moths
  4 frost giants
  4 draconian shifters
  3 draconian stormcallers
  3 orc warlords
  4 draconian annihilators
  A formless jellyfish (Vaults:1)
  5 ghouls (Crypt:2)
  3 spriggan defenders (Depths:1)
  13 ironbound preservers
  4 broodmothers (Spider:4)
  12 stone giants
  3 very ugly things
  2 ironbound thunderhulks
  4 war gargoyles
  3 green draconians
  6 deep elf demonologists (Elf:3)
  2 black draconians (Zot:1)
  4 deep elf annihilators
  2 halazid warlocks (Desolation)
  A demonspawn black sun (D:12)
  4 yellow draconians
  A purple draconian (Depths:4)
  7 spark wasps
  A dire elephant (Vaults:1)
  A crystal guardian (Zot:3)
  3 white draconians
  3 eidola
  Azrael (Spider:2)
  4 ettins
  Josephine (Shoals:1)
  3 deep elf death magi
  A merfolk javelineer (Shoals:4)
  A blizzard demon (Abyss:1)
  3 entropy weavers
  2 fire dragons (Depths:4)
  A jiangshi (Crypt:2)
  2 spectral quicksilver dragons (Crypt:3)
  2 deep elf high priests
  A spectral iron giant (Crypt:3)
  4 merfolk impalers
  A ragged hierophant (Desolation)
  3 servants of whispers (Desolation)
  4 great orbs of eyes
  15 vault guards
  6 yaktaur captains
  A spectral spriggan (Crypt:3)
  5 rakshasas
  A peacekeeper (Vaults:3)
  2 ogre magi (Vaults:5)
  3 ice dragons (Depths:4)
  Erolcha (D:11)
  2 hydras (Lair:5)
  2 ironbound frosthearts
  A jorogumo (Spider:3)
  5 boulder beetles
  4 merfolk aquamancers
  A catoblepas (Lair:5)
  2 merfolk avatars
  7 centaur warriors
  A salamander tyrant (Depths:4)
  4 spriggan air magi
  3 radroaches
  6 deep troll shamans
  2 two-headed ogres (D:9)
  A tengu warrior (Depths:2)
  A death knight (Crypt:1)
  2 satyrs (Shoals:3)
  5 demonic crawlers
  13 dancing weapons
  2 deep troll earth magi
  2 vampire magi
  A death yak (Lair:3)
  5 orc high priests (Orc:2)
  2 thrashing horrors (Abyss:1)
  2 soul eaters
  A spectral storm dragon (Crypt:3)
  Sonja (Lair:2)
  2 spriggan berserkers
  5 hell knights (Depths:2)
  6 deep elf knights
  4 skysharks
  7 pharaoh ants
  9 skeletal warriors
  3 iron trolls
  A storm dragon skeleton (Crypt:2)
  7 flayed ghosts
  19 deep trolls
  2 sun moths
  Lodul (D:14)
  7 sea snakes
  8 orb spiders
  2 glowing orange brains
  6 bog bodies
  3 deep elf archers
  A wizard (Vaults:1)
  5 necromancers
  6 orc knights
  A lindwurm (Vaults:3)
  An alligator zombie (Crypt:1)
  6 phantasmal warriors
  10 wolf spiders
  3 steelbarb worms
  9 deep elf zephyrmancers
  10 harpies
  13 ironbound convokers
  10 deep elf pyromancers
  13 ugly things
  2 orc sorcerers
  A wolf spider (shapeshifter) (Vaults:5)
  2 fauns (shapeshifter)
  11 manticores
  An alligator skeleton (Crypt:1)
  2 spectral centaurs (Crypt:3)
  3 cyclopes
  A spectral ettin (Crypt:3)
  17 moths of wrath
  6 fauns (Shoals:3)
  A worldbinder (Abyss:1)
  An apocalypse crab (Abyss:1)
  3 elephants (Lair:5)
  6 merfolk sirens
  3 salamanders (Depths:4)
  An iron dragon skeleton (Crypt:1)
  2 ice statues (IceCv)
  2 guardian serpents
  20 slime creatures
  2 black mambas
  A water nymph (shapeshifter) (Elf:3)
  13 vault sentinels
  A molten gargoyle (Desolation)
  6 water nymphs
  2 centaur zombies
  An orange demon (D:12)
  22 cane toads
  A minotaur zombie (Crypt:3)
  3 torpor snails
  An unseen horror (D:12)
  A kobold demonologist (D:12)
  17 yaktaurs
  A bunyip simulacrum (Crypt:1)
  2 rime drakes
  A swamp worm zombie (Crypt:1)
  4 tengu conjurers
  An anaconda simulacrum (IceCv)
  9 freezing wraiths
  5 komodo dragons
  A harpy zombie (Zot:3)
  A queen bee (Spider:1)
  4 trolls
  An ancient zyme (Abyss:1)
  11 merfolk
  An iron troll skeleton (Crypt:2)
  2 tyrant leeches
  A polar bear (Lair:3)
  2 meliai
  2 spectral harpies (Crypt:3)
  15 saltlings
  2 hornets
  Grinder (D:3)
  2 wind drakes
  A harpy skeleton (Crypt:1)
  14 tarantellas
  9 blink frogs
  7 dream sheep
  2 snapping turtles
  6 raiju
  2 centaur simulacra (D:14)
  23 jumping spiders
  16 culicivoras
  4 spriggans
  3 shadows
  13 water elementals
  6 air elementals
  10 humans (D:14)
  A ynoxinul (Zot:2)
  2 dire elephant simulacra
  2 flying skulls (Crypt:2)
  12 yaks
  4 basilisks
  A large abomination (Abyss:1)
  5 wyverns
  A steam dragon (D:9)
  10 wraiths
  A death yak simulacrum (IceCv)
  7 vampire mosquitoes
  43 redbacks
  6 wargs
  An acid dragon (D:9)
  8 water moccasins
  A hydra simulacrum (IceCv)
  2 floating eyes (Depths:3)
  5 hell hounds (Spider:2)
  5 black bears
  4 ice beasts
  50 orc warriors
  2 small abominations (Abyss:1)
  14 wolves
  16 ogres
  2 boggarts (Zot:3)
  10 centaurs
  A kobold brigand (D:9)
  A phantom (D:4)
  A rime drake skeleton (Crypt:3)
  4 earth elementals
  2 necrophages (Crypt:2)
  A salamander zombie (Crypt:1)
  11 bullfrogs
  4 scorpions
  A gnoll sergeant (D:9)
  A cane toad simulacrum (Lair:3)
  A draconian skeleton (Crypt:2)
  16 wights
  4 killer bees
  A warg skeleton (Crypt:3)
  3 howler monkeys (D:9)
  A troll skeleton (Crypt:2)
  A yak skeleton (Crypt:1)
  A komodo dragon simulacrum (Lair:3)
  A quasit (D:5)
  A gnoll bouda (D:6)
  25 orc priests
  2 jellies
  5 human skeletons (Vaults:2)
  Jessica (D:2)
  3 iguanas
  6 orc wizards
  A scorpion zombie (Crypt:2)
  A polar bear simulacrum (IceCv)
  6 hell rats
  Robin (D:2)
  14 gnolls
  9 adders
  A naga simulacrum (Lair:3)
  6 river rats (Sewer)
  A white imp (Abyss:1)
  An ufetubus (D:5)
  2 worms
  3 dart slugs
  87 orcs
  8 ball pythons
  7 bats
  6 endoplasms
  4 giant cockroaches
  28 goblins
  14 hobgoblins
  7 jackals
  5 quokkas
  5 frilled lizards
  A frilled lizard skeleton (Crypt:2)
  A goblin skeleton (Crypt:1)
  7 kobolds
  A quokka skeleton (Crypt:1)
  7 rats
  A tentacle (Shoals:2)
1427 creatures vanquished.

Vanquished Creatures (collateral kills)
  2 dread liches
  2 orbs of fire (Zot:5)
  A juggernaut (Depths:2)
  An ancient lich (Vaults:5)
  Sojobo (Vaults:2)
  The ghost of Fieg the Phalangite, a veteran HuWn of Lugonu (Vaults:4)
  10 Killer Klowns (Zot:5)
  Margery (Depths:3)
  7 golden dragons
  Nikola (Elf:2)
  A bone dragon (Depths:4)
  2 electric golems (Zot:5)
  2 Tzitzimimeh
  6 tentacled monstrosities
  A hellephant (D:13)
  2 titans (Vaults:5)
  A walking earthen tome (Depths:3)
  3 liches
  3 quicksilver dragons
  A deep elf master archer (Elf:3)
  16 Orb Guardians (Zot:5)
  A deep elf blademaster (Elf:3)
  An ancient champion (Vaults:4)
  13 death cobs
  4 tengu reavers
  8 shadow dragons
  7 fire giants
  3 revenants
  Ilsuiw (Shoals:3)
  Aizul (Depths:2)
  12 storm dragons
  A draconian monk (Zot:5)
  3 deep elf sorcerers (Elf:3)
  A fire giant (shapeshifter) (Vaults:5)
  2 draconian scorchers
  3 emperor scorpions
  4 ghost moths
  An iron dragon (Vaults:5)
  5 deep elf elementalists (Elf:3)
  2 balrugs (Zot:3)
  2 draconian knights
  14 vault wardens
  8 frost giants
  A spectral caustic shrike (Crypt:3)
  2 curse skulls
  A spriggan defender (Depths:2)
  2 cacodemons
  A draconian shifter (Zot:4)
  2 orc warlords
  3 draconian annihilators
  9 ironbound preservers
  11 stone giants
  4 draconian stormcallers
  A war gargoyle (Vaults:3)
  5 very ugly things
  A ghoul (Crypt:2)
  4 ironbound thunderhulks
  A broodmother (Spider:4)
  2 green draconians
  7 deep elf annihilators
  3 deep elf demonologists
  2 lorocyprocas
  5 vampire knights
  7 black draconians
  5 white draconians
  8 purple draconians
  5 red draconians
  14 yellow draconians
  A purple draconian (shapeshifter) (Zot:3)
  5 spark wasps
  5 eidola (Crypt:3)
  4 dire elephants
  5 crystal guardians
  4 merfolk javelineers
  9 merfolk impalers
  5 deep elf death magi
  5 fire dragons
  A quicksilver dragon zombie (Crypt:2)
  5 deep elf high priests
  3 jiangshi
  2 entropy weavers
  8 ettins
  6 ragged hierophants (Desolation)
  A spectral quicksilver dragon (Crypt:3)
  6 great orbs of eyes
  4 yaktaur captains
  6 servants of whispers
  30 vault guards
  4 ice dragons
  2 hydras
  2 radroaches
  6 spriggan air magi
  4 peacekeepers
  2 spriggan skeletons (Crypt:2)
  4 death knights
  9 ironbound frosthearts
  Erica (Lair:1)
  An ogre mage (Vaults:1)
  5 death yaks
  3 merfolk avatars
  4 centaur warriors
  An alligator snapping turtle (Shoals:2)
  12 dancing weapons
  2 merfolk aquamancers (Shoals:4)
  3 boulder beetles
  2 spectral storm dragons (Crypt:3)
  A death scarab (Spider:2)
  4 tengu warriors
  4 demonic crawlers
  2 deep troll shamans
  3 deep troll earth magi
  A soul eater (Crypt:1)
  2 orc high priests
  A spectral dire elephant (Crypt:3)
  3 vampire magi
  6 spriggan berserkers
  Nergalle (D:11)
  16 hell knights
  7 deep elf knights
  A spectral death yak (Lair:3)
  3 iron trolls
  2 pharaoh ants
  A salamander mystic (Depths:4)
  12 skeletal warriors
  2 large abominations (Abyss:1)
  5 shadow wraiths
  A sun moth (Spider:3)
  A titan skeleton (Crypt:1)
  An anaconda zombie (Crypt:2)
  An iron giant zombie (Crypt:2)
  2 skysharks
  2 goliath frogs (Lair:5)
  6 sea snakes
  6 flayed ghosts
  17 deep trolls
  7 wizards
  A steelbarb worm (Spider:3)
  A glowing orange brain (Depths:1)
  A spectral anaconda (Crypt:3)
  14 orb spiders
  4 bog bodies
  A shadow dragon zombie (Crypt:1)
  A harpy (shapeshifter) (Vaults:5)
  10 ironbound convokers
  4 orc knights
  15 deep elf zephyrmancers
  9 necromancers
  A lindwurm (Vaults:3)
  10 phantasmal warriors
  5 deep elf archers
  An orc sorcerer (Depths:3)
  9 ugly things
  2 fauns
  9 harpies
  An alligator skeleton (Crypt:2)
  6 deep elf pyromancers
  3 manticores
  10 wolf spiders
  A spectral centaur (Crypt:3)
  4 cyclopes
  A stone giant zombie (Crypt:1)
  2 salamanders (Depths:4)
  6 elephants
  A stone giant skeleton (Crypt:1)
  22 moths of wrath
  A frost giant skeleton (Crypt:2)
  2 black mambas
  2 apocalypse crabs (Abyss:1)
  2 merfolk sirens
  6 vault sentinels
  5 guardian serpents
  2 ice statues
  5 water nymphs
  4 torpor snails
  11 cane toads
  6 gargoyles (D:12)
  13 freezing wraiths
  A shock serpent skeleton (Crypt:1)
  A naga skeleton (Crypt:2)
  9 yaktaurs
  5 rime drakes
  A minotaur zombie (Crypt:1)
  A tormentor (D:10)
  2 spectral nagas (Crypt:3)
  4 komodo dragons
  3 tengu conjurers
  3 ice devils
  A minotaur skeleton (Crypt:3)
  9 merfolk
  A white draconian skeleton (Crypt:3)
  3 trolls
  An ancient zyme (Depths:3)
  2 meliai (Spider:1)
  A polar bear (Lair:4)
  A hellwing (Zot:2)
  5 tyrant leeches
  12 tarantellas
  7 hornets
  7 raiju
  6 wind drakes
  26 saltlings
  5 blink frogs
  7 dream sheep
  A tarantella (shapeshifter) (Depths:4)
  27 jumping spiders
  3 snapping turtles
  3 spriggans
  A small abomination (Depths:2)
  A flying skull (Crypt:2)
  3 shadows
  8 culicivoras
  2 air elementals (Shoals:4)
  A hydra skeleton (Crypt:2)
  8 wraiths
  14 water elementals
  A vampire (D:10)
  9 slime creatures
  A ynoxinul (Abyss:1)
  2 wyverns (Lair:3)
  A hog (shapeshifter) (Elf:3)
  7 humans (D:14)
  17 yaks
  A hog (Shoals:1)
  2 fire elementals
  27 redbacks
  6 basilisks
  A warg (Vaults:5)
  A vampire mosquito (Lair:5)
  2 spectral cane toads (Lair:3)
  An acid dragon (D:10)
  A hydra simulacrum (Lair:3)
  Duvessa (D:7)
  2 hell hounds (Lair:3)
  4 water moccasins (Lair:5)
  A black bear (Lair:4)
  An ogre (D:5)
  A phantom (D:7)
  30 orc warriors
  A boggart (Zot:3)
  3 centaurs
  12 wolves
  An elf zombie (Crypt:2)
  2 kobold brigands (Sewer)
  6 bullfrogs
  A salamander skeleton (Crypt:1)
  2 cane toad simulacra
  Dowan (D:7)
  7 wights (D:8)
  2 jellies
  A dream sheep simulacrum (Lair:3)
  10 killer bees
  3 howler monkeys
  An electric eel (Lair:3)
  A human zombie (Crypt:3)
  2 quasits (D:5)
  A sleepcap (D:6)
  11 orc priests
  7 human skeletons (Vaults:2)
  2 iguanas
  6 orc wizards
  6 hell rats
  2 spriggan simulacra (Lair:3)
  2 polar bear simulacra (IceCv)
  6 gnolls
  A river rat (Sewer)
  An adder (D:6)
  41 orcs
  A ball python (Sewer)
  5 goblins
  6 hobgoblins (Bailey)
  A kobold (D:9)
  2 rats (Sewer)
  A butterfly (Zot:3)
  A tentacle (Shoals:2)
1260 creatures vanquished.

Vanquished Creatures (others)
  An entropy weaver (Vaults:3)
  2 deep elf knights (Elf:3)
  A hell knight (Depths:4)
  A flayed ghost (Depths:2)
  A deep elf pyromancer (Elf:1)
  A deep elf zephyrmancer (Vaults:5)
  An air elemental (Elf:3)
  A human (Shoals:1)
  130 battlemagi
  3 ancestors
  6 tentacles (Shoals:2)
148 creatures vanquished.

Grand Total: 2835 creatures vanquished

Notes
Turn   | Place    | Note
-------+----------+-------------------------------------------
     0 | D:1      | Ge0ff the Troll Hunter began the quest for the Orb.
     0 | D:1      | Reached XP level 1. HP: 19/19 MP: 0/0
   286 | D:1      | Reached XP level 2. HP: 28/28 MP: 1/1
   465 | D:1      | Reached skill level 3 in Ranged Weapons
   826 | D:2      | Reached XP level 3. HP: 29/35 MP: 2/2
  1026 | D:2      | Noticed Robin
  1032 | D:2      | Killed Robin
  1040 | D:2      | Reached XP level 4. HP: 40/44 MP: 3/3
  1418 | D:2      | Found a faded altar of an unknown god.
  1430 | D:2      | Noticed Jessica
  1434 | D:2      | Killed Jessica
  1917 | D:3      | Reached XP level 5. HP: 50/50 MP: 4/4
  1931 | D:3      | Found Lowkeryj's Weapon Shoppe.
  2144 | D:3      | Found a burning altar of Makhleb.
  2149 | D:3      | Noticed Grinder
  2164 | D:3      | Paralysed by Grinder for 5 turns
  2170 | D:3      | Paralysed by Grinder for 4 turns
  2179 | D:3      | Paralysed by Grinder for 2 turns
  2183 | D:3      | Killed Grinder
  2184 | D:3      | Reached skill level 4 in Ranged Weapons
  2184 | D:3      | Reached XP level 6. HP: 27/61 MP: 5/5
  2310 | D:3      | Found a hazy altar of Hepliaklqana.
  2318 | D:3      | Became a worshipper of Hepliaklqana the Forgotten
  2589 | D:4      | Found Baddetz's Distillery.
  2596 | D:4      | Bought 2 potions of berserk rage for 100 gold pieces
  2693 | D:4      | Reached skill level 5 in Ranged Weapons
  2857 | D:4      | HP: 3/61 [black bear (3)]
  2870 | D:4      | Reached XP level 7. HP: 18/67 MP: 6/6
  3040 | D:4      | Found an ancient bone altar of Kikubaaqudgha.
  3041 | D:4      | Found a blossoming altar of Fedhas.
  3149 | D:4      | Found a broken altar of Ashenzari.
  3366 | D:5      | Entered Level 5 of the Dungeon
  3388 | D:5      | Found a glowing golden altar of the Shining One.
  3399 | D:5      | Found a staircase to the Ecumenical Temple.
  3422 | D:5      | Reached * piety under Hepliaklqana
  3422 | D:5      | Found a shadowy altar of Dithmenos.
  3435 | D:5      | Reached skill level 6 in Ranged Weapons
  3668 | D:5      | Found a glowing drain.
  3673 | Sewer    | Entered a sewer
  3758 | Sewer    | Reached XP level 8. HP: 67/67 MP: 7/7
  4441 | D:5      | Reached skill level 7 in Ranged Weapons
  5035 | D:6      | Reached skill level 8 in Ranged Weapons
  5209 | D:6      | Reached XP level 9. HP: 75/75 MP: 8/8
  6082 | D:7      | Reached ** piety under Hepliaklqana
  6083 | D:7      | Remembered your ancestor Trollcestor as a battlemage
  6241 | D:7      | Noticed Dowan
  6241 | D:7      | Noticed Duvessa
  6246 | D:7      | Reached skill level 9 in Ranged Weapons
  6253 | D:7      | Killed Duvessa
  6261 | D:7      | Killed Dowan
  6642 | D:8      | Found a flagged portal.
  6667 | Bailey   | Entered a bailey
  6910 | Bailey   | Reached skill level 1 in Evocations
  6992 | Bailey   | Reached XP level 10. HP: 83/83 MP: 9/9
  7004 | Bailey   | Reached skill level 10 in Ranged Weapons
  7177 | Bailey   | Noticed an orc warlord
  7191 | Bailey   | Killed an orc warlord
  7252 | Bailey   | Reached skill level 11 in Ranged Weapons
  7252 | Bailey   | Reached XP level 11. HP: 98/98 MP: 10/10
  7503 | D:8      | Reached *** piety under Hepliaklqana
  7629 | D:8      | Found a staircase to the Lair.
  8318 | D:9      | Noticed a two-headed ogre
  8325 | D:9      | Killed a two-headed ogre
  8619 | D:9      | Paralysed by a hornet for 3 turns
  8629 | D:9      | Reached skill level 12 in Ranged Weapons
  8702 | D:9      | Noticed a two-headed ogre
  8710 | D:9      | Killed a two-headed ogre
  9030 | D:10     | Entered Level 10 of the Dungeon
  9201 | D:10     | Reached XP level 12. HP: 96/106 MP: 9/11
  9258 | D:10     | Reached **** piety under Hepliaklqana
  9404 | D:10     | Reached skill level 1 in Armour
  9790 | D:11     | Noticed Erolcha
  9797 | Abyss:1  | Cast into level 1 of the Abyss (Erolcha)
  9802 | Abyss:1  | Found a corrupted altar of Lugonu.
  9863 | D:11     | Escaped the Abyss
  9868 | D:11     | Killed Erolcha
 10039 | D:11     | Found a staircase to the Orcish Mines.
 10311 | D:11     | Noticed Nergalle
 10322 | D:11     | Killed Nergalle
 10372 | D:11     | Reached skill level 1 in Throwing
 10789 | D:12     | Found a frozen archway.
 10798 | IceCv    | Entered an ice cave
 11223 | IceCv    | Reached skill level 5 in Evocations
 11536 | D:12     | Reached ***** piety under Hepliaklqana
 11565 | D:12     | Noticed a centaur warrior
 11575 | D:12     | Killed a centaur warrior
 12240 | Lair:1   | Entered Level 1 of the Lair of Beasts
 12416 | Lair:1   | Reached XP level 13. HP: 114/114 MP: 12/12
 12423 | Lair:1   | Reached skill level 13 in Ranged Weapons
 12591 | Lair:1   | Reached skill level 1 in Invocations
 12777 | Lair:1   | Noticed Erica
 12781 | Lair:1   | Killed Erica
 13246 | Lair:2   | Noticed Sonja
 13254 | Lair:2   | Killed Sonja
 13676 | Lair:2   | Identified a scroll of acquirement
 13676 | Lair:2   | Acquired 890 gold pieces
 13783 | Lair:2   | Found a staircase to the Shoals.
 14153 | Lair:3   | Found a hole to the Spider Nest.
 14656 | Lair:3   | Found a runed translucent gate.
 14656 | Lair:3   | Found a runed translucent gate.
 14657 | Lair:3   | Found a runed translucent gate.
 14755 | Lair:3   | Reached XP level 14. HP: 123/123 MP: 11/15
 15015 | Lair:3   | Noticed Takeo's ghost (journeyman TrSh)
 15468 | Lair:4   | Reached skill level 5 in Armour
 15595 | Lair:4   | Reached skill level 5 in Dodging
 16248 | Lair:5   | Entered Level 5 of the Lair of Beasts
 16248 | Lair:5   | Reached ****** piety under Hepliaklqana
 16546 | Lair:5   | Reached skill level 14 in Ranged Weapons
 16689 | Lair:5   | Reached skill level 5 in Invocations
 16745 | Lair:5   | Found a staircase to the Slime Pits.
 17114 | Lair:5   | Identified the +2 rapier of Spring {drain, *Noise rElec
                  | rC++ Dex+4}
 17197 | Lair:5   | Reached XP level 15. HP: 133/133 MP: 18/18
 17774 | D:13     | Found an iron altar of Okawaru.
 18544 | D:13     | Identified the +4 ring mail of the New World {rN+}
 18631 | D:13     | Identified the +2 robe "Ruamonte" {rPois rF++ Int-2 Stlth+}
 18693 | D:13     | Identified the +3 arbalest of Doom {penet, Fragile rElec
                  | rF+ Int+5}
 18928 | D:14     | Identified the +8 trident of Lust {elec, *Noise rF+ rN+
                  | Dex+3}
 19134 | D:14     | Noticed Lodul
 19142 | D:14     | Killed Lodul
 19531 | D:14     | Reached skill level 10 in Fighting
 19641 | D:14     | Found a gate to the Vaults.
 19797 | D:15     | Entered Level 15 of the Dungeon
 20308 | D:15     | Found a staircase to the Depths.
 21006 | Orc:1    | Entered Level 1 of the Orcish Mines
 21126 | Orc:1    | Found Rolakk's Weapon Shop.
 21404 | Orc:2    | Entered Level 2 of the Orcish Mines
 21800 | Orc:2    | Found a staircase to the Elven Halls.
 22176 | Orc:2    | Reached skill level 15 in Ranged Weapons
 22176 | Orc:2    | Reached XP level 16. HP: 144/144 MP: 20/20
 22469 | Orc:2    | Found Poilodgh's Distillery.
 22469 | Orc:2    | Found Zag Nuim's Weapon Emporium.
 22470 | Orc:2    | Found Zileunut's Antique Weapon Emporium.
 22470 | Orc:2    | Found Myikhi's Book Shoppe.
 22477 | Orc:2    | Bought 2 potions of heal wounds for 150 gold pieces
 22534 | Orc:2    | Learned a level 2 spell: Blink
 22764 | Spider:1 | Entered Level 1 of the Spider Nest
 25052 | Spider:2 | Reached skill level 16 in Ranged Weapons
 25380 | Spider:2 | Noticed Azrael
 25389 | Spider:2 | Killed Azrael
 26498 | Spider:2 | Reached XP level 17. HP: 153/153 MP: 22/22
 28081 | Spider:3 | Reached skill level 17 in Ranged Weapons
 28087 | Spider:3 | Identified the +6 dagger of Destiny {freeze, +Blink rElec
                  | rN+ SInv}
 29661 | Spider:4 | Entered Level 4 of the Spider Nest
 29663 | Spider:4 | Noticed Asterion
 31144 | Spider:4 | Identified the +4 plate armour of the Postmodern Tusks
                  | {Drain +Blink Dex+3 Stlth+}
 31463 | Spider:4 | Killed Asterion
 32209 | Spider:4 | Reached XP level 18. HP: 101/161 MP: 14/23
 32421 | Spider:4 | Got a gossamer rune of Zot
 32750 | Shoals:1 | Entered Level 1 of the Shoals
 32750 | Shoals:1 | Noticed Jorgrun
 32750 | Shoals:1 | Found Qyhupn's Weapon Emporium.
 32756 | Shoals:1 | Killed Jorgrun
 33090 | Shoals:1 | Noticed Kirke
 33102 | Shoals:1 | Killed Kirke
 33420 | Shoals:1 | Reached skill level 18 in Ranged Weapons
 33466 | Shoals:1 | Noticed Frances
 33479 | Shoals:1 | Killed Frances
 33479 | Shoals:1 | Noticed Josephine
 33490 | Shoals:1 | Killed Josephine
 33761 | Shoals:2 | Found Bistrof's Antique Armour Shoppe.
 33774 | Shoals:2 | Bought a runed cloak for 255 gold pieces
 35282 | Shoals:3 | Noticed Ilsuiw
 35294 | Shoals:3 | Killed Ilsuiw
 35901 | Shoals:4 | Entered Level 4 of the Shoals
 35901 | Shoals:4 | Found a glowing silver altar of Zin.
 35951 | Shoals:4 | Paralysed by an air elemental for 1 turns
 36053 | Shoals:4 | Paralysed by an air elemental for 1 turns
 36269 | Shoals:4 | Reached XP level 19. HP: 137/170 MP: 19/25
 36647 | Shoals:4 | Noticed Mlioglotl
 36648 | Shoals:4 | Killed Mlioglotl
 36680 | Shoals:4 | Paralysed by an air elemental for 1 turns
 36858 | Shoals:4 | Paralysed by an air elemental for 1 turns
 36929 | Shoals:4 | Got a barnacled rune of Zot
 36958 | Shoals:4 | Paralysed by an air elemental for 1 turns
 37583 | Orc:2    | Bought a book of Geomancy for 270 gold pieces
 37586 | Orc:2    | Learned a level 2 spell: Passwall
 37670 | Elf:1    | Entered Level 1 of the Elven Halls
 38186 | Elf:1    | Reached skill level 1 in Earth Magic
 38188 | Elf:1    | Reached skill level 1 in Translocations
 38189 | Elf:1    | Reached skill level 1 in Transmutations
 38200 | Elf:1    | Reached skill level 1 in Spellcasting
 38517 | Elf:2    | Found Wuwk's Weapon Shoppe.
 39561 | Elf:2    | Found a huge runed translucent gate.
 39561 | Elf:2    | Found a huge runed translucent gate.
 39565 | Elf:2    | Found a huge runed translucent gate.
 39566 | Elf:2    | Found a huge runed translucent gate.
 39567 | Elf:2    | Found a huge runed translucent gate.
 39854 | Elf:2    | Noticed Nikola
 39861 | Elf:2    | Killed Nikola
 40333 | Elf:3    | Entered Level 3 of the Elven Halls
 40395 | Elf:3    | Found a portal to a secret trove of treasure.
 41624 | Elf:3    | You paid a toll of a +6 demon blade to enter a treasure
                  | trove
 41625 | Trove    | Entered a treasure trove
 41630 | Trove    | Found the +2 shield of Resistance {rF++ rC++ Will++}
 41635 | Trove    | Identified the quicksilver dragon scales of the Pit {rC+
                  | Will+ Str+3}
 41653 | Trove    | Identified the +11 gold dragon scales of Lesser Demons
                  | {+Blink rPois rF+ rC+ rN+ rCorr Slay+3}
 41659 | Trove    | Identified the scarf of Roshrooty {repulsion, rElec Int+4
                  | Dex+2}
 41662 | Trove    | Identified the +6 tower shield of Doehum {rElec Regen+
                  | Dex+3 SInv}
 41664 | Trove    | Identified the +0 robe of Restlessness {Rampage rElec Str+4
                  | Int-3}
 41666 | Trove    | Identified the +6 tower shield of the Game Afoot {Fly Int+3
                  | Dex+4}
 41668 | Trove    | Identified the +6 storm dragon scales of Ykhumuenk {rElec
                  | Int+2}
 42145 | Elf:3    | Paralysed by an air elemental for 1 turns
 42159 | Elf:3    | Identified the +5 robe "Ebletoat" {rElec Will- Dex+3}
 42159 | Elf:3    | Identified the ring of Accord {rF- rC+++ Int+6 SInv}
 42159 | Elf:3    | Gained mutation: You are frail. (-10% HP) [a cacodemon]
 42471 | Elf:3    | Lost mutation: You are frail. (-10% HP) [potion of
                  | mutation]
 42471 | Elf:3    | Gained mutation: You occasionally lose the ability to drink
                  | potions when taking damage. [potion of mutation]
 42703 | Elf:3    | Reached XP level 20. HP: 181/181 MP: 26/26
 43405 | Elf:3    | Identified the staff "Plog" {rPois rC+ rN+ Will++ Int-3
                  | Ice}
 43568 | Elf:3    | Identified the ring of Qadideff {Wiz rC+}
 43599 | Elf:3    | Reached skill level 19 in Ranged Weapons
 43670 | Elf:3    | Identified the ring of the Demonic God {Wiz *Corrode Str+2
                  | Int+6}
 43928 | Elf:3    | Got Ydonwylili's Compendium of Scree and the Fairies
 43931 | Elf:3    | Found the +16 obsidian axe {drain, demonic, Mesm Drain Fly
                  | SInv}
 43955 | Elf:3    | Got the Annotations on Algid Anthracomancy
 43979 | Elf:3    | Got the Atlas of Toxicity and Injury
 44037 | Elf:3    | Got the Textbook on Nonlocality
 44181 | Elf:3    | Lost mutation: You occasionally lose the ability to drink
                  | potions when taking damage. [potion of mutation]
 44181 | Elf:3    | Gained mutation: You sometimes lose your temper in combat.
                  | [potion of mutation]
 44181 | Elf:3    | Gained mutation: Your system is resistant to poisons.
                  | (rPois) [potion of mutation]
 44181 | Elf:3    | Gained mutation: Your muscles are strong. (Str +4, Int/Dex
                  | -1) [potion of mutation]
 44586 | Lair:3   | Killed Takeo's ghost
 44864 | D:4      | Bought a potion of cancellation for 80 gold pieces
 44864 | D:4      | Bought 2 potions of resistance for 200 gold pieces
 44864 | D:4      | Bought a potion of mutation for 80 gold pieces
 44864 | D:4      | Bought a potion of invisibility for 80 gold pieces
 45116 | Vaults:1 | Entered Level 1 of the Vaults
 45750 | Vaults:1 | Acquired 924 gold pieces
 45919 | Vaults:1 | Identified the staff "Ewatei" {Dex+3 Stlth+ Earth}
 46614 | Vaults:2 | Noticed Sojobo
 46623 | Vaults:2 | Paralysed by an air elemental for 1 turns
 46757 | Vaults:2 | Killed Sojobo
 46758 | Vaults:2 | Reached skill level 10 in Armour
 47294 | Vaults:3 | Found a crumbling gateway.
 47323 | Desolati | Entered the Desolation of Salt
 47366 | Desolati | Reached XP level 21. HP: 150/193 MP: 24/27
 47934 | Desolati | Identified the +8 quarterstaff of Reinforcement {elec,
                  | Contam rPois rC+ SInv}
 47976 | Desolati | Identified the +1 leather armour of Incorporation {rElec
                  | rPois rN+ Regen+}
 47996 | Desolati | Identified the +0 pair of gloves "Zin Idow" {Will+ Regen+
                  | rCorr Stlth-}
 47999 | Desolati | Got the Discursus on Rancid Glamour
 48000 | Desolati | Identified the +7 longbow of Symmetry {freeze, rF+ rCorr
                  | Str-2}
 48000 | Desolati | Identified the +2 leather armour of the Charmed God
                  | {Rampage}
 48049 | Desolati | Identified the +5 short sword "Spiderslayer" {speed, Int+2}
 48069 | Desolati | Got the Vellum of Ensnaring Displacement
 48071 | Desolati | Got the Compendium of Geomancy and the Bane
 48092 | Desolati | Learned a level 1 spell: Apportation
 48095 | Desolati | Got Regiy's Directory of Sidekicks
 48546 | Vaults:2 | Reached skill level 15 in Fighting
 48847 | Vaults:2 | Noticed Xtahua
 48847 | Vaults:2 | Paralysed by Xtahua for 4 turns
 48856 | Vaults:2 | Killed Xtahua
 48968 | Vaults:2 | Found a staircase to the Crypt.
 48968 | Vaults:2 | Found an ancient bone altar of Kikubaaqudgha.
 48969 | Vaults:2 | Found a basalt altar of Yredelemnul.
 49096 | Vaults:2 | Acquired the +2 hat of Zicegom {rC+ Int+3}
 49155 | Vaults:3 | Found Ycwulauts's Jewellery Shoppe.
 49171 | Vaults:3 | Bought a ring of flight for 315 gold pieces
 50978 | Vaults:3 | Found Ycwulauts's Jewellery Shoppe.
 51175 | Vaults:4 | Found Juitesh's Antique Armour Shoppe.
 51175 | Vaults:4 | Found Weodghopu's Antique Armour Boutique.
 51178 | Vaults:4 | Found Erianisu's Weapon Shop.
 51502 | Vaults:4 | Found Xivvoq's Magic Scroll Emporium.
 51511 | Vaults:4 | Bought a scroll of blinking for 135 gold pieces
 51511 | Vaults:4 | Bought a scroll of immolation for 72 gold pieces
 51511 | Vaults:4 | Bought a scroll of vulnerability for 72 gold pieces
 51511 | Vaults:4 | Bought a scroll of poison for 72 gold pieces
 51680 | Vaults:4 | Reached skill level 20 in Ranged Weapons
 51824 | Vaults:4 | Found a runed translucent door.
 51827 | Vaults:4 | Noticed Fieg's ghost (veteran HuWn)
 51954 | Vaults:4 | Paralysed by a great orb of eyes for 3 turns
 52004 | Vaults:4 | Noticed Frederick
 52011 | Vaults:4 | Killed Frederick
 52162 | Vaults:4 | Reached XP level 22. HP: 207/207 MP: 28/28
 52211 | Vaults:4 | Found Koissaho's Book Emporium.
 52377 | Vaults:4 | Killed Fieg's ghost
 52532 | Crypt:1  | Entered Level 1 of the Crypt
 53699 | Crypt:2  | Found an ancient bone altar of Kikubaaqudgha.
 54320 | Crypt:3  | Entered Level 3 of the Crypt
 54320 | Crypt:3  | Found a staircase to the Tomb.
 55138 | Crypt:3  | Noticed Mennas
 55157 | Crypt:3  | Killed Mennas
 55579 | Crypt:3  | Got the Atlas of Bodies
 55773 | Crypt:3  | Identified the +3 short sword "Qaef" {protect, Contam
                  | *Noise rF+++ rCorr}
 55798 | Crypt:3  | Identified the amulet "Bynwiajo" {Will- Regen+ Dex+5}
 55798 | Crypt:3  | Identified the ring "Teeqos" {rN+ Str+3 Int+3 Dex-5}
 55844 | Crypt:3  | Reached XP level 23. HP: 202/215 MP: 27/29
 56182 | Depths:1 | Entered Level 1 of the Depths
 56186 | Depths:1 | Reached skill level 21 in Ranged Weapons
 56313 | Depths:1 | Found a shimmering blue altar of Sif Muna.
 56322 | Depths:1 | Got Sif Muna's Guidebook on the Charnel House
 56324 | Depths:1 | Got Sif Muna's Incunabulum of Conjuration
 56450 | Depths:1 | Found a gateway to Hell.
 56472 | Depths:1 | Acquired 620 gold pieces
 56702 | Depths:1 | Found Yserphoxt's Jewellery Boutique.
 56957 | Depths:1 | Noticed the Enchantress
 56969 | Depths:1 | Identified the +11 shortbow "Ufodyurgh" {elec, +Blink rN++
                  | rCorr Int-3}
 56972 | Depths:1 | Killed the Enchantress
 57162 | Depths:1 | You fall into a shaft and drop 1 floor!
 57386 | Depths:1 | Reached skill level 5 in Spellcasting
 57479 | Depths:2 | Found a one-way gate leading to the halls of Pandemonium.
 57719 | Depths:2 | Noticed a juggernaut
 57729 | Depths:2 | Killed a juggernaut
 57910 | Depths:2 | Noticed Aizul
 57914 | Depths:2 | Killed Aizul
 58511 | Depths:3 | Found a one-way gate to the infinite horrors of the Abyss.
 58511 | Depths:3 | Found a transporter.
 58697 | Depths:3 | Found a hide-covered altar of Uskayaw.
 58709 | Depths:3 | Noticed Saint Roka
 58717 | Depths:3 | Killed Saint Roka
 58732 | Depths:3 | Noticed Margery
 58735 | Depths:3 | Killed Margery
 58835 | Depths:3 | Found a transporter.
 58858 | Depths:3 | Paralysed by a floating eye for 2 turns
 59094 | Depths:3 | Identified the ring "Qanuob" {Fly rF+}
 59255 | Depths:3 | Found the ring of the Octopus King
 59286 | Depths:3 | Voluntarily entered the Abyss.
 59464 | Abyss:1  | Reached XP level 24. HP: 206/223 MP: 28/31
 59581 | Abyss:1  | Paralysed by you for 3 turns
 59600 | Abyss:1  | Paralysed by you for 4 turns
 59606 | Depths:3 | Escaped the Abyss
 59774 | Depths:3 | Reached skill level 22 in Ranged Weapons
 59864 | Depths:3 | Identified the ring "Ynulisix" {Wiz rC+ rCorr Stlth+}
 59953 | Depths:3 | Identified a ring of the Octopus King {HP+2 AC+2 EV+2 SH+2
                  | SInv}
 60029 | Depths:4 | Entered Level 4 of the Depths
 60045 | Depths:4 | Found the necklace of Bloodlust {Fury *Rage Will++ Int-3
                  | Slay+6}
 60825 | Depths:4 | Noticed a juggernaut
 60828 | Depths:4 | Killed a juggernaut
 60949 | Depths:4 | Noticed Parghit
 61140 | Depths:4 | Reached skill level 15 in Armour
 61580 | Depths:4 | Noticed a dread lich
 61585 | Depths:4 | Killed a dread lich
 61660 | Depths:4 | Found a gate to the Realm of Zot.
 61745 | Depths:4 | Found a one-way gateway to a ziggurat.
 62178 | Orc:2    | Bought a potion of curing for 45 gold pieces
 62178 | Orc:2    | Bought a potion of mutation for 120 gold pieces
 62178 | Orc:2    | Bought a potion of haste for 150 gold pieces
 62178 | Orc:2    | Bought a potion of enlightenment for 75 gold pieces
 62178 | Orc:2    | Bought a potion of invisibility for 120 gold pieces
 62490 | Vaults:3 | You fall into a shaft and drop 1 floor!
 62500 | Vaults:5 | Entered Level 5 of the Vaults
 62746 | Vaults:5 | Reached skill level 23 in Ranged Weapons
 63647 | Vaults:5 | Noticed an ancient lich
 63651 | Vaults:5 | Killed an ancient lich
 64017 | Vaults:5 | Identified the amulet "Toismue" {Spirit Str+3}
 64091 | Vaults:5 | Reached XP level 25. HP: 204/230 MP: 32/32
 65543 | Vaults:5 | Identified the +6 morningstar "Embalmer" {freeze, rF- rN+
                  | MP+9 Str+5}
 65550 | Vaults:5 | Noticed an ancient lich
 65552 | Vaults:5 | Killed an ancient lich
 65553 | Vaults:5 | Reached skill level 5 in Throwing
 65809 | Vaults:5 | Identified the +4 spear of Uvvo {flame, Fly Int-2 Dex+6}
 65813 | Vaults:5 | Identified the staff "Kienu" {Contam rPois Will+ Str+3
                  | Int+3 Earth}
 65956 | Vaults:5 | Got a silver rune of Zot
 66055 | Vaults:5 | Identified the staff "Hulk" {Drain rF- Int+5 Dex+2 Conj}
 66446 | Zot:1    | Entered Level 1 of the Realm of Zot
 66714 | Zot:1    | Reached skill level 24 in Ranged Weapons
 70161 | Zot:3    | Reached XP level 26. HP: 238/238 MP: 32/32
 70303 | Zot:3    | Reached skill level 25 in Ranged Weapons
 73522 | Zot:5    | Entered Level 5 of the Realm of Zot
 73947 | Zot:5    | Reached skill level 26 in Ranged Weapons
 74156 | Zot:5    | Noticed an ancient lich
 74161 | Zot:5    | Killed an ancient lich
 75248 | Zot:5    | Noticed an orb of fire
 75256 | Zot:5    | Gained mutation: You are frail. (-10% HP) [an orb of fire]
 75257 | Zot:5    | Gained mutation: You are dopey. (Int -2) [an orb of fire]
 75258 | Zot:5    | Gained mutation: Your body sometimes deteriorates upon
                  | taking damage. [an orb of fire]
 75260 | Zot:5    | Killed an orb of fire
 76115 | Zot:5    | Noticed an orb of fire
 76119 | Zot:5    | Killed an orb of fire
 76122 | Zot:5    | Noticed a dread lich
 76124 | Zot:5    | Killed a dread lich
 76136 | Zot:5    | Reached XP level 27. HP: 209/218 MP: 32/32
 76365 | Zot:5    | Noticed an ancient lich
 76382 | Zot:5    | Killed an ancient lich
 76661 | Zot:5    | Noticed an ancient lich
 76667 | Zot:5    | Killed an ancient lich
 76865 | Zot:5    | Reached skill level 27 in Ranged Weapons
 76907 | Zot:5    | Reached skill level 10 in Invocations
 77138 | Zot:5    | Lost mutation: You are frail. (-10% HP) [potion of
                  | mutation]
 77138 | Zot:5    | Lost mutation: You sometimes lose your temper in combat.
                  | [potion of mutation]
 77138 | Zot:5    | Gained mutation: You have a pair of small horns on your
                  | head. [potion of mutation]
 77139 | Zot:5    | Lost mutation: Your body sometimes deteriorates upon taking
                  | damage. [potion of mutation]
 77139 | Zot:5    | Lost mutation: You are dopey. (Int -2) [potion of mutation]
 77139 | Zot:5    | Lost mutation: Your muscles are strong. (Str +4, Int/Dex
                  | -1) [potion of mutation]
 77139 | Zot:5    | Gained mutation: You have a pair of horns on your head.
                  | [potion of mutation]
 77139 | Zot:5    | Gained mutation: Your flesh is cold resistant. (rC+)
                  | [potion of mutation]
 77228 | Zot:5    | Got the Orb of Zot
 77406 | Depths:2 | Noticed Pytun the pandemonium lord
 77412 | Depths:2 | Noticed Plog the pandemonium lord
 77790 | D:$      | Escaped with the Orb!

Illustrated notes

Levels and vault maps discovered:
D:1:      minmay_arrival_wavy_path, layout_loops_ring,
          wander_ebering_terrifying_dragon_lair
D:2:      layout_basic, shapermc_ecumenical_altar_mp_vishouse,
          serial_bayou_pond_d, uniq_robin, uniq_jessica
D:3:      layout_rooms, lemuel_crystal_altar, lemuel_coloured_pillars_altar,
          serial_shops, shop_statue, minmay_checkerbox, uniq_grinder
D:4:      layout_loops_ring, grunt_temple_overflow_growth_and_decay,
          nicolae_ashenzari_skybound, serial_shops, shop,
          nicolae_twisty_statue_hallways
D:5:      cheibrodos_quashed, layout_rooms, mainiacjoe_overflow_cross_hatched,
          grunt_dithmenos_smoke_and_mirrors, minmay_temple_entry_mist,
          portal_sewer_entry_e
D:6:      wander_river, layout_basic
D:7:      layout_gridville, uniq_duvessa
D:8:      layout_basic, grunt_lair_entry_orc_guard_hut, enter_bailey_5,
          minmay_splitting_lines
D:9:      layout_basic, minmay_chambers_of_fives
D:10:     layout_long_grid
D:11:     layout_roguey, hiddenorc2_lemuel, reono_crystal_passage,
          uniq_nergalle, uniq_erolcha
D:12:     cheibrodos_statue_roulette, layout_rooms,
          portal_ice_cave_demonic_guard, st_stairs_5, hangedman_corner_corridor
D:13:     evilmike_iron_armoury, layout_irregular_city, chequers_garden,
          kennysheep_generic_room_12
D:14:     layout_cave_pools, grunt_vaults_entry_tiered, corexii_corridor_pit,
          uniq_lodul
D:15:     hangedman_depths_entry_civil_slaughter, layout_irregular_city,
          grunt_decor_cap
Lair:1:   layout_chaotic_city, grunt_megastairs_4, lemuel_fruit_tree, uniq_erica
Lair:2:   layout_regular_city, elwin_shoals_entry_stream, nzn_sisyphean_effort,
          infiniplex_staircase_pool_2, uniq_sonja
Lair:3:   dreamdust_isle_of_ice, layout_misc_corridors,
          nicolae_spider_entry_tight_spaces, gammafunk_ghost_necromancy,
          special_room [special_room_mythical_zoo], serial_bayou_shore_a
Lair:4:   layout_gridlike, grunt_forest_large_clearings, serial_bayou_shore_b,
          serial_bayou_shore_b
Lair:5:   minmay_lair_end_frog_pond, layout_long_grid,
          minmay_slime_entry_pillars, grunt_forest_small_clearing_treed
Shoals:1: cheibrodos_shoals_gigantism, layout_shoals, serial_shops, shop,
          nicolae_shoals_secluded_bog, uniq_josephine, uniq_jorgrun,
          uniq_frances, uniq_kirke
Shoals:2: layout_shoals, nicolae_stop_n_shop_1
Shoals:3: layout_shoals, nicolae_shoals_shepherds, uniq_ilsuiw
Shoals:4: shoals_end_hellmonk_storm_palace [storm_palace_center_ruins,
          storm_palace_corner_narrow, storm_palace_corner_pillars,
          storm_palace_corner_blocked, storm_palace_corner_altar], serial_shops,
          uniq_mlioglotl
Spider:1: nicolae_spider_hilbert_zone_4 [nicolae_spider_hilbert_4_sides_2_open,
          nicolae_spider_hilbert_4_sides_1_open,
          nicolae_spider_hilbert_4_sides_1_open,
          nicolae_spider_hilbert_4_sides_1_open,
          nicolae_spider_hilbert_4_sides_1_open,
          nicolae_spider_hilbert_2_sides_1_open,
          nicolae_spider_hilbert_2_sides_1_open,
          nicolae_spider_hilbert_2_sides_1_open,
          nicolae_spider_hilbert_2_sides_1_open,
          nicolae_spider_hilbert_6_sides_1_open,
          nicolae_spider_hilbert_6_sides_1_open,
          nicolae_spider_hilbert_3_sides_1_open,
          nicolae_spider_hilbert_3_sides_1_open], nicolae_looking_at_the_future
Spider:2: nicolae_spider_corner, hangedman_stitches_earthworm, uniq_azrael
Spider:3: layout_spider_delve, drop_trap
Spider:4: hellmonk_spider_rune_endless_swarm, uniq_asterion
Orc:1:    layout_diamond_mine, serial_shops, nicolae_shop_tiny_statue_garden
Orc:2:    st_orc_pillars, layout_diamond_mine
Elf:1:    eino_elf_arrival_customs, layout_geoelf_diagonals, minivault_28,
          serial_sigils_hangedman_confine
Elf:2:    elven_hall_of_blades_hangedman_alternative
          [nicolae_blade_entry_diamond_columns], layout_geoelf_diagonals,
          serial_shops, nicolae_shop_pleasant_corner_grove, uniq_nikola
Elf:3:    minmay_elf_hall_hex, layout_geoelf_diagonals,
          nicolae_trove_entry_isolated
Vaults:1: nicolae_vaults_frosty_reception, nicolae_vaults_circle_grid_a,
          dpeg_vaults_waves, nicolae_vaults_diamond_2, vaults_dpeg_hooks,
          layout_vaults_chaotic_city
Vaults:2: v_misc_18, vaults_room_ringed_pool, nicolae_vaults_mini_display_case,
          dpeg_vaults_monster_row, minmay_crypt_entry_necro_gods,
          nicolae_vaults_house_2, nicolae_vaults_stepped_doors,
          nicolae_vaults_meeting, nicolae_vaults_trapezoid_lopsided_1,
          nicolae_vaults_double_plus_1, vaults_dpeg_ring,
          dpeg_vaults_monster_box, vaults_room_octagon, layout_vaults_ring,
          uniq_xtahua, uniq_sojobo
Vaults:3: portal_desolation_entry_salt, nicolae_vaults_angled_halls,
          ontoclasm_vaults_eye, st_spiral_rooms, nicolae_vaults_trapezoid_1,
          v_alt_pattern_4, v_misc_32, ontoclasm_vaults_ring_square,
          nicolae_vaults_tetromino_Z_2, nicolae_vaults_network_star,
          nicolae_vaults_network_barrier, hangedman_vaults_restitches,
          layout_vaults_omnibox, serial_shops, shop
Vaults:4: hellmonk_ghost_big_iron, hangedman_vaults_maws, v_alt_pattern_3,
          vaults_room_pools, grunt_vaults_swirl, v_misc_2, v_misc_15,
          nicolae_vaults_six-pack, nicolae_vaults_network_quincunx
          [nicolae_vaults_network_quincunx_subvault,
          nicolae_vaults_network_quincunx_subvault,
          nicolae_vaults_network_quincunx_subvault,
          nicolae_vaults_network_quincunx_subvault,
          nicolae_vaults_network_quincunx_subvault], nicolae_vaults_network_s,
          nicolae_vaults_big_angled_halls, vaults_room_pools,
          nicolae_vaults_layer_cake_slice, nicolae_vaults_surprise_closet_hard,
          nicolae_vaults_little_squares_4, layout_vaults_maze, serial_shops,
          shop, nicolae_shop_statue_plus, shop, nicolae_shop_stone, shop,
          uniq_frederick
Vaults:5
Crypt:1:  layout_misc_corridors, hex_medium, nicolae_crypt_soggy_tomb,
          nicolae_letterblocks [nicolae_letter_subblock,
          nicolae_letter_subblock, nicolae_letter_subblock,
          nicolae_letter_subblock, nicolae_letter_subblock,
          nicolae_letter_subblock, nicolae_letter_subblock,
          nicolae_letter_subblock, nicolae_letter_subblock,
          nicolae_letter_subblock, nicolae_letter_subblock,
          nicolae_letter_subblock, nicolae_letter_subblock,
          nicolae_letter_subblock, nicolae_letter_subblock,
          nicolae_letter_subblock, nicolae_letter_subblock,
          nicolae_letter_subblock, nicolae_letter_subblock,
          nicolae_letter_subblock, nicolae_letter_subblock,
          nicolae_letter_subblock, nicolae_letter_subblock,
          nicolae_letter_subblock, nicolae_letter_subblock]
Crypt:2:  layout_chaotic_city, basic_altar
Crypt:3:  due_elkab, layout_chaotic_city, minivault_14, moated_statue,
          minivault_25, uniq_mennas
Depths:1: layout_big_octagon, serial_shops, nicolae_shop_gaudy_bauble,
          chequers_hall_statues_corner_a, hell_entry,
          nicolae_sif_muna_little_library, uniq_enchantress
Depths:2: nzn_winding_woodlands_cross [nzn_winding_woodlands_5x15_pool,
          nzn_winding_woodlands_5x15_river_crossing,
          nzn_winding_woodlands_5x15_lazy_stream,
          nzn_winding_woodlands_5x15_default,
          nzn_winding_woodlands_15x15_thick_spiral], layout_gridlike, pan_entry,
          hell_entry, kennysheep_flooded_box, minmay_staircase_statues,
          uniq_aizul
Depths:3: hangedman_spin_cycle, serial_shops, hell_entry, abyss_entry,
          uniq_margery
Depths:4: grunt_zot_entry_tricorne, layout_gridlike, enter_ziggurat_c,
          grunt_hell_entry_dis_mu, kennysheep_random_hallway, uniq_parghit
Zot:1:    kennysheep_spiral_hall, layout_misc_corridors
Zot:2:    kennysheep_blocky_room, layout_basic, skrybe_zot_glass_2,
          grunt_megastairs_2
Zot:3:    hangedman_orp_of_zott, layout_gridlike, st_stairs_5, zot_minivault_4
Zot:4:    lemuel_draconian_sentries_small, layout_cathedral_of_symmetry,
          skrybe_zot_glass_3
Zot:5:    layout_twisted_circle

Skill      XL: |  1  2  3  4  5  6  7  8  9 10 11 12 13 14 15 16 17 18 19 20 21 22 23 24 25 26 27 |
---------------+----------------------------------------------------------------------------------+-----
Ranged Weapons | 3 4 5 6 8 9 11 12 13 14 15 16 17 18 19 20 21 23 24 26 27 | 27.0
Fighting       | 2 3 4 7 8 9 10 11 12 13 14 15 16 | 16.0
Evocations     | 1 2 4 5 6 7 8 |  8.6
Dodging        | 3 4 5 7 8 9 |  9.0
Armour         | 3 4 6 7 8 10 12 13 14 15 | 15.0
Throwing       | 3 6 |  6.0
Invocations    | 3 5 7 8 9 10 | 10.1
Earth Magic    | 3 4 |  4.0
Translocations | 2 3 |  3.3
Transmutations | 2 3 |  3.2
Spellcasting   | 2 4 6 7 |  7.0
Stealth        | |  0.3

Action                     |  1- 3 |  4- 6 |  7- 9 | 10-12 | 13-15 | 16-18 | 19-21 | 22-24 | 25-27 || total
---------------------------+-------+-------+-------+-------+-------+-------+-------+-------+-------++-------
  Melee: Arbalest          |       |       |       |       |       |     2 |       |       |       ||     2
   Fire: Shortbow          |   109 |   191 |   482 |   639 |       |       |       |       |       ||  1421
         Triple crossbow   |       |       |       |    11 |       |       |       |       |       ||    11
         Arbalest          |       |       |       |     9 |  1002 |  1490 |  1263 |  1411 |   859 ||  6034
  Throw: Dart              |       |       |       |     8 |       |     1 |     4 |     1 |     1 ||    15
         Throwing net      |       |       |       |     1 |       |       |     7 |       |     1 ||     9
   Cast: Blink             |       |       |       |       |       |       |     3 |       |       ||     3
         Passwall          |       |       |       |       |       |       |     2 |       |       ||     2
 Invoke: Ancestor Identity |       |       |     1 |       |       |       |       |       |       ||     1
         Recall Ancestor   |       |       |     2 |     3 |     4 |     9 |     6 |     8 |     8 ||    40
         Ancestor Life: Ba |       |       |     1 |       |       |       |       |       |       ||     1
         Idealise          |       |       |       |       |     3 |    14 |    22 |    16 |    13 ||    68
  Evoke: Wand              |       |     7 |     7 |    18 |    12 |    35 |    13 |    23 |    33 ||   148
         Phantom mirror    |       |       |       |       |     4 |     5 |     7 |     5 |     4 ||    25
         Box of beasts     |       |       |       |       |     3 |     4 |     4 |     4 |     1 ||    16
         Lightning rod     |       |       |       |       |    11 |    27 |    17 |    14 |     5 ||    74
         Phial of floods   |       |       |       |       |       |     3 |     4 |     1 |       ||     8
         Condenser vane    |       |       |       |       |       |     4 |     7 |     6 |     4 ||    21
    Use: Scroll            |       |     7 |     7 |     9 |    16 |    11 |    15 |    20 |    10 ||    95
         Potion            |       |       |       |     3 |     7 |     4 |    10 |    13 |    10 ||    47
 Armour: Robe              |    42 |    65 |   120 |    58 |       |   112 |       |       |       ||   397
         Acid dragon scale |       |       |       |   186 |   339 |   606 |   114 |       |       ||  1245
         Quicksilver drago |       |       |       |       |       |       |   199 |       |       ||   199
         Gold dragon scale |       |       |       |       |       |       |   429 |  1012 |   553 ||  1994
         Skin              |       |       |       |       |       |       |       |     6 |       ||     6
  Dodge: Dodged            |    38 |    50 |    72 |   137 |   223 |   568 |   422 |   424 |   182 ||  2116
  Block: Other             |       |       |       |       |       |       |       |    14 |    19 ||    33

Table legend: (Time is in decaauts)
 A = Elapsed time spent in this place.
 B = Non-inter-level travel time spent in this place.
 C = Inter-level travel time spent in this place.
 D = Time resting spent in this place.
 E = Time spent auto-exploring this place.
 F = Levels seen in this place.
 G = Mean time per level.
                   A        B        C        D        E       F      G
               +--------+--------+--------+--------+--------+-----+--------+
         Total |  79367 |  70446 |   8921 |  14458 |  36092 |  57 | 1392.4 |
       Dungeon |  15702 |  12792 |   2910 |    662 |   8751 |  15 | 1046.8 |
          Lair |   6520 |   5448 |   1072 |    422 |   3241 |   5 | 1304.0 |
        Shoals |   4739 |   4322 |    417 |    651 |   2147 |   4 | 1184.8 |
   Spider Nest |  10134 |   9300 |    834 |   2598 |   4476 |   4 | 2533.5 |
  Orcish Mines |   2319 |   1552 |    767 |    160 |    927 |   2 | 1159.5 |
   Elven Halls |   5153 |   4474 |    679 |   1331 |   1998 |   3 | 1717.7 |
        Vaults |  11304 |  10295 |   1009 |   2512 |   5223 |   5 | 2260.8 |
         Crypt |   3781 |   3565 |    216 |    254 |   1911 |   3 | 1260.3 |
        Depths |   5252 |   4773 |    479 |    320 |   2798 |   4 | 1313.0 |
           Zot |  11195 |  10660 |    535 |   4828 |   3806 |   5 | 2239.0 |
         Abyss |    405 |    405 |      0 |     83 |      0 |   2 |  202.5 |
         Trove |     52 |     52 |      0 |      0 |      0 |   1 |   52.0 |
         Sewer |    704 |    704 |      0 |      0 |    452 |   1 |  704.0 |
        Bailey |    613 |    613 |      0 |    204 |     90 |   1 |  613.0 |
      Ice Cave |    575 |    575 |      0 |    233 |     51 |   1 |  575.0 |
    Desolation |    913 |    913 |      0 |    197 |    220 |   1 |  913.0 |
               +--------+--------+--------+--------+--------+-----+--------+

Top non-repeatable levels by time:
Vaults:5: 3834 daAuts
   Zot:5: 3788 daAuts
Spider:2: 3692 daAuts
Spider:4: 2823 daAuts
   Elf:3: 2540 daAuts
Vaults:3: 2468 daAuts
   Zot:3: 2105 daAuts
Vaults:2: 1960 daAuts
   Zot:2: 1943 daAuts
Spider:1: 1913 daAuts
   Zot:4: 1906 daAuts
 Crypt:3: 1817 daAuts
  Lair:3: 1760 daAuts
Spider:3: 1704 daAuts
Vaults:1: 1540 daAuts
